cohdb
Replays
Latest Replays
All Replays
Popular Replays
Top Player Replays
Match Explorer
How It Works
Community
CoH3 Stats
Reddit
Sign in to upload your games and track your stats! →
Sign in with Steam
Match 42618375
Unlisted
Match 42618375
Overview
Messages
Build Orders
End
Scout Squad
Construct Weapon Support Center
Selects Heavy Weapons
M1919 Machine Gun Team
M1919 Machine Gun Team
Bazooka Squad
Mechanized Support Center
Selects Assault Carriers
M3 Assault Carrier
Improvised Armor
Engineer Squad
Construct Barracks
Construct Medical Station
Selects Exchangeable Parts
Construct Barracks
Riflemen Squad
Designate Forward Repair Station
Selects M2HB .50cal Heavy Machine Gun
Riflemen Squad
Construct Tank Depot
Scout Squad
M4A1 Sherman Medium Tank
Selects Towed M5 3-inch Anti-tank Gun
Towed M5 3-inch Anti-tank Gun
Dr. Jekyll
Metzger
Funky Ayylien
Dr Jello
0
0
Comments
sign in to comment!
No comments posted yet!